 Dungeon Crawl Stone Soup version 0.26-a0-487-gbff1e92059 (webtiles) character file.

Game seed: 4608079781761631144

415 KristoblXynda the Ruffian (level 6, -3/79 HPs)
             Began as a Troll Hedge Wizard on Aug 2, 2020.
             Slain by a river rat (5 damage)
             ... on level 4 of the Dungeon.
             The game lasted 00:03:44 (2079 turns).

KristoblXynda the Ruffian (Troll Hedge Wizard)      Turns: 2079, Time: 00:03:45

Health: -3/79      AC:  7    Str: 19    XL:     6   Next: 60%
Magic:  8/8        EV: 10    Int: 12    God:
Gold:   191        SH:  0    Dex:  9    Spells: 8/9 levels left

rFire    . . .     SeeInvis .     - Unarmed
rCold    . . .     Faith    .   (no shield)
rNeg     . . .     Spirit   .   s - +0 robe
rPois    .         Reflect  .   c - +1 hat
rElec    .         Harm     .   (no cloak)
rCorr    .                      (gloves unavailable)
MR       .....                  (boots unavailable)
Stlth    ..........             (no amulet)
HPRegen  0.63/turn              r - ring of flight
MPRegen  0.11/turn              (no ring)

@: berserking, lethally poisoned (-3 -> -4), very quick
A: large, unfitting armour, claws 3, regeneration 1, shaggy fur 1, tough skin 3
a: Evoke Flight


You were on level 4 of the Dungeon.
You visited 1 branch of the dungeon, and saw 4 of its levels.

You collected 191 gold pieces.

Inventory:

Armour
 c - a +1 hat (worn)
 s - a +0 robe (worn)
Jewellery
 q - an uncursed ring of ice {unknown}
 r - a ring of flight (left claw)
Wands
 b - a wand of polymorph (1)
Scrolls
 a - a scroll of fear {unknown}
 d - a scroll of teleportation
 e - a scroll of amnesia
 k - 3 scrolls of remove curse
Potions
 g - 2 potions of brilliance
 j - a potion of haste
 m - a potion of might
 n - a potion of magic {unknown}
 o - a potion of degeneration
 u - a potion of cancellation {unknown}
 v - a potion of lignification {unknown}
 x - a potion of invisibility {unknown}


   Skills:
 - Level 1.5 Dodging
 - Level 1.0 Stealth
 + Level 4.6 Unarmed Combat
 - Level 2.0 Spellcasting
 + Level 3.6 Conjurations
   Level 0.6 Summonings
   Level 0.6 Translocations


You had 8 spell levels left.
You knew the following spells:

 Your Spells              Type           Power        Failure   Level
a - Magic Dart            Conj           #...         6%          1

Your spell library contained the following spells:

 Spells                   Type           Power        Failure   Level
 Blink                    Tloc           N/A          32%         2
 Call Imp                 Summ           #.......     32%         2
 Conjure Flame            Conj/Fire      #.......     36%         3
 Slow                     Hex            #.......     38%         2
 Mephitic Cloud           Conj/Pois/Air  #.......     45%         3


Dungeon Overview and Level Annotations

Branches:
Dungeon (4/15)
 Temple: D:4-7

Altars:


Innate Abilities, Weirdness & Mutations

You are too large for most types of armour.
You have claws for hands.
Your natural rate of healing is unusually fast.
You are covered in fur. (AC +1)
You have extremely tough skin. (AC +3)


Message History

The river rat is severely wounded.
The worker ant bites you.
* * * LOW HITPOINT WARNING * * *
You are poisoned.
The worker ant poisons you!
You closely miss the river rat.
The river rat is severely wounded.
You feel sick. The river rat bites you.
* * * LOW HITPOINT WARNING * * *
The river rat bites you.
* * * LOW HITPOINT WARNING * * *
The worker ant bites you but does no damage.
You scratch the river rat.
You kill the river rat!
You feel sick.
You scratch the river rat.
The river rat is almost dead.
The worker ant bites you but does no damage.
The river rat bites you.
You die...

****≈*≈*≈**,,,,,
*≈≈≈≈≈≈*≈***,,,,
*≈###########.,,
*≈≈≈≈≈≈≈≈≈...,,,
######≈#≈#≈≈.##..,
#...≈≈≈≈≈.≈...#..,
#o....≈....?......
#ra...........$...
#@Z...............
#######.#.........
#.#.........
***##.#.........
*,,#........#.#.
#..?..#....##*#.
#.....##....###.
#.....#....##...
###........[)...


You could see a worker ant, a river rat, an orc and an adder skeleton.

Vanquished Creatures
  A sky beast (D:3)
  An ogre (D:4)
  Ijyb (D:3)
  3 worker ants (D:4)
  A hound skeleton (D:4)
  2 river rats (D:4)
  5 adders
  An adder skeleton (D:4)
  A worm (D:3)
  2 dart slugs (D:1)
  3 leopard geckos
  3 orcs (D:4)
  A ball python (D:2)
  3 bats
  5 giant cockroaches
  5 goblins
  4 hobgoblins
  A quokka (D:2)
  5 frilled lizards
  4 kobolds
  5 rats
57 creatures vanquished.

Notes
Turn   | Place    | Note
-------+----------+-------------------------------------------
     0 | D:1      | KristoblXynda the Troll Hedge Wizard began the quest for
                  | the Orb.
     0 | D:1      | Reached XP level 1. HP: 16/16 MP: 2/2
    83 | D:1      | Reached skill level 1 in Conjurations
   147 | D:1      | Reached skill level 1 in Unarmed Combat
   147 | D:1      | Reached XP level 2. HP: 24/24 MP: 4/4
   517 | D:2      | Reached XP level 3. HP: 31/31 MP: 5/5
   567 | D:2      | Found a faded altar of an unknown god.
   737 | D:2      | Reached skill level 2 in Unarmed Combat
   935 | D:3      | Noticed Ijyb
   980 | D:3      | Killed Ijyb
   980 | D:3      | Reached XP level 4. HP: 39/39 MP: 6/6
  1341 | D:3      | Noticed a sky beast
  1382 | D:3      | Killed a sky beast
  1382 | D:3      | Reached skill level 3 in Unarmed Combat
  1382 | D:3      | Reached XP level 5. HP: 19/45 MP: 7/7
  1950 | D:4      | Reached skill level 4 in Unarmed Combat
  2000 | D:4      | Reached XP level 6. HP: 44/53 MP: 8/8
  2077 | D:4      | HP: 2/79 [river rat (5)]
  2079 | D:4      | Slain by a river rat

Illustrated notes

Levels and vault maps discovered:
D:1:      dpeg_arrival_stone_temple_mockup, layout_rooms, minmay_pentomino_t2
D:2:      layout_rooms, chequers_ecumenical_altar_island
D:3:      layout_loops_cross, uniq_ijyb
D:4:      layout_cave_pools, lightli_sewer_entry_pipes,
          kennysheep_okawaru_gauntlet

Skill      XL: |  1  2  3  4  5 |
---------------+----------------+-----
Conjurations   | 1 2 3 |  3.6
Unarmed Combat | 1 2 3 4 |  4.6
Dodging        | |  1.5
Stealth        | |  1.0
Spellcasting   | |  2.0
Summonings     | |  0.6
Translocations | |  0.6

Action                   |  1- 3 |  4- 6 || total
-------------------------+-------+-------++-------
Melee: Unarmed           |    71 |   111 ||   182
       Punch             |     1 |     4 ||     5
 Cast: Magic Dart        |       |     3 ||     3
  Use: Scroll            |       |    14 ||    14
       Potion            |       |     3 ||     3
 Stab: Sleeping          |       |     3 ||     3
Armor: Robe              |    25 |    57 ||    82
       Skin              |     3 |     1 ||     4
Dodge: Dodged            |    28 |    58 ||    86

Table legend: (Time is in decaauts)
 A = Elapsed time spent in this place.
 B = Non-inter-level travel time spent in this place.
 C = Inter-level travel time spent in this place.
 D = Time resting spent in this place.
 E = Time spent auto-exploring this place.
 F = Levels seen in this place.
 G = Mean time per level.
                   A        B        C        D        E       F      G
               +--------+--------+--------+--------+--------+-----+--------+
         Total |   2072 |   2004 |     68 |    207 |   1247 |   4 |  518.0 |
       Dungeon |   2072 |   2004 |     68 |    207 |   1247 |   4 |  518.0 |
               +--------+--------+--------+--------+--------+-----+--------+

Top non-repeatable levels by time:
     D:3: 965 daAuts
     D:1: 496 daAuts
     D:2: 441 daAuts
     D:4: 168 daAuts
